Unix NetHack Version 3.7.0-53 Work-in-progress - last build Apr 4 2022 15:05:14 (0945cd16e85ecfe9c80600c62adfe552c28f66b8,branch:master). Game began 2022-04-10 08:54:42, ended 2022-04-10 09:06:38. elenmirie, neutral female human Tourist ---------- |........| |........| |....>...| |......... |........| ## |.........###@ ---------- ##' Elenmirie the Sightseer St:7 Dx:15 Co:18 In:16 Wi:7 Ch:12 Neutral Dlvl:6 $:394 HP:0(29) Pw:6(6) AC:10 Xp:3/46 T:2206 Latest messages: You see here a figurine of a gnome zombie. You hear a B note squeak in the distance. You see here a figurine of a gnome zombie. You hear a B note squeak in the distance. In what direction? k That is a trap door. You escape a trap door. You fall down a shaft! You feel like you've been here before. The gnome swings his crossbow. The gnome hits! In what direction? n The dart hits the gnome. In what direction? n You kill the gnome! Welcome to experience level 3. You hit the rope golem. The rope golem hits! The rope golem hits! What do you want to drink? [qsB or ?*] ? Never mind. Are you sure you want to pray? [yn] (n) y You begin praying to The Lady. You are surrounded by a shimmering light. The rope golem starts to attack you, but pulls back. The rope golem starts to attack you, but pulls back. You finish your prayer. You feel that The Lady is well-pleased. You feel much better. In what direction? n The dart hits the rope golem. The rope golem hits! The rope golem hits! In what direction? n The dart hits the rope golem. In what direction? n The dart hits the rope golem. The rope golem hits! The rope golem hits! The rope golem grabs you! In what direction? n The dart hits the rope golem. The rope golem hits! The rope golem hits! You die... Do you want your possessions identified? [ynq] (y) y Do you want to see your attributes? [ynq] (y) y Do you want an account of creatures vanquished? [ynaq] (y) y Do you want to see your conduct and achievements? [ynq] (y) y Do you want to see the dungeon overview? [ynq] (y) y Major events: Turn 1: elenmirie the neutral female human Tourist entered the dungeon 890: entered the Gnomish Mines 2198: attained the rank of Sightseer (level 3) 2206: killed by a rope golem Inventory: Coins $ - 394 gold pieces Weapons a - 28 uncursed +2 darts (at the ready) t - an uncursed +0 mace (weapon in hand) Armor m - an uncursed +0 Hawaiian shirt with a water nymph motif (being worn) Comestibles r - an uncursed carrot c - 7 uncursed food rations b - 3 uncursed fortune cookies h - an uncursed lembas wafer d - 2 uncursed sprigs of wolfsbane f - 2 uncursed tripe rations Scrolls z - an uncursed scroll of create monster l - 4 uncursed scrolls of magic mapping Potions B - an uncursed potion of blindness s - a cursed potion of invisibility q - a blessed potion of sickness Wands u - an uncursed wand of light (0:13) A - a blessed wand of sleep (0:3) Tools o - an uncursed credit card n - an uncursed expensive camera (0:53) Elenmirie the Tourist's attributes: Background: You were a Sightseer, a level 3 female human Tourist. You were neutral, on a mission for The Lady who was opposed by Blind Io (lawful) and Offler (chaotic). You were in the Gnomish Mines, on level 6. You entered the dungeon 2206 turns ago. You had 46 experience points, 34 more were needed to attain level 4. Basics: You had 0 out of 29 hit points. You had all 6 energy points (spell power). Your armor class was 10. Your wallet contained 394 zorkmids. Autopickup was on for '$' plus thrown. Final Characteristics: Your strength was 7 (limit:18/100). Your dexterity was 15 (limit:18). Your constitution was 18 (limit:18). Your intelligence was 16 (limit:18). Your wisdom was 7 (limit:18). Your charisma was 12 (limit:18). Final Status: You were held by a rope golem (southeast). You were not hungry. You were unencumbered. You were wielding a mace. You were unskilled in mace. Final Attributes: You were devoutly aligned. You are dead. Miscellaneous: You encountered 1 bones level. Total elapsed playing time was 11 minutes and 55 seconds. Vanquished creatures: an orc zombie a coyote a hobbit a cave spider a brown mold a red mold 3 gnomes a gnome zombie 2 geckos 2 jackals a fox a sewer rat 2 grid bugs a kobold zombie 7 newts 26 creatures vanquished. No species were genocided or became extinct. Voluntary challenges: You were illiterate. You never engraved Elbereth. You never genocided any monsters. You never polymorphed an object. You never changed form. You used no wishes. Achievements: You entered a shop. You entered the Gnomish Mines. You attained the rank of Sightseer. The Dungeons of Doom: levels 1 to 5 Level 1: Many fountains. Level 2: A general store, a sink. Level 3: A fountain. Stairs down to The Gnomish Mines. Level 4: Some fountains. Level 5: An altar, a fountain, a grave. The Gnomish Mines: levels 4 to 6 Level 4: Level 6: <- You were here. Final resting place for you, killed by a rope golem, elenmirie-Tou-Hum-Fem-Neu, killed by a hill orc. Game over: ---------- / \ / REST \ / IN \ / PEACE \ / \ | elenmirie | | 394 Au | | killed by a rope | | golem | | | | | | 2022 | *| * * * | * _________)/\\_//(\/(/\)/\//\/|_)_______ Aloha elenmirie the Tourist... You died in The Gnomish Mines on dungeon level 6 with 495 points, and 394 pieces of gold, after 2206 moves. You were level 3 with a maximum of 29 hit points when you died.